 Dungeon Crawl Stone Soup version 0.20.0-8-g6b59dc7 (webtiles) character file.

209 kraftydee the Ruffian (level 5, -2/42 HPs)
             Began as a Ghoul Warper on May 30, 2017.
             Slain by an orc
             ... wielding a +0 short sword
              (5 damage)
             ... on level 4 of the Dungeon.
             The game lasted 00:08:30 (2907 turns).

kraftydee the Ruffian (Ghoul Warper)                Turns: 2907, Time: 00:08:30

Health: -2/42      AC:  3    Str: 16    XL:     5   Next: 87%
Magic:  7/7        EV: 12    Int:  8    God:
Gold:   74         SH:  0    Dex:  8    Spells: 1/8 levels left

rFire    + + .     SeeInvis .     - Unarmed
rCold    + + .     Gourm    .   (no shield)
rNeg     + + +     Faith    .   a - +0 leather armour
rPois    ∞         Spirit   .   (no helmet)
rElec    .         Reflect  .   p - scarf {rC+ rF+}
rCorr    .         Harm     .   (no gloves)
MR       .....                  (no boots)
Stlth    +.........             (no amulet)
Regen    0.0/turn               j - ring of protection from fire
MPRegen  0.1/turn               (no ring)

@: rotting, slowed, very slow
A: rotting body, claws 1, carnivore 3, cold resistance 1, negative energy
resistance 3, inhibited regeneration, torment resistance, unbreathing
a: no special abilities


You were on level 4 of the Dungeon.
You were not hungry.

You visited 1 branch of the dungeon, and saw 4 of its levels.

You collected 74 gold pieces.

Inventory:

Missiles
 d - 2 tomahawks of dispersal (quivered)
Armour
 a - a +0 leather armour (worn)
 p - a scarf of resistance (worn)
Jewellery
 j - a ring of protection from fire (left claw)
Scrolls
 c - a scroll of blinking
 g - a scroll of amnesia
 i - 4 scrolls of identify
 l - a scroll of enchant armour {unknown}
 n - a scroll of enchant weapon
Potions
 e - 2 potions of heal wounds
 h - 4 potions of curing
 k - 2 potions of berserk rage {unknown}
 m - 2 potions of cancellation {unknown}
 o - a potion of degeneration {unknown}
 q - a potion of flight
 r - a potion of mutation {unknown}
Books
 b - a book of Spatial Translocations

   Spells                             Type                      Level
   a - Blink                          Translocation                2
   b - Shroud of Golubria             Charms/Translocation         2
   c - Lesser Beckoning               Translocation                3
   d - Gell's Gravitas                Translocation                3
   e - Teleport Other                 Translocation                3
   f - Passage of Golubria            Translocation                4
Comestibles
 f - 3 meat rations


   Skills:
 + Level 2.7 Fighting
 + Level 1.1 Throwing
 + Level 2.2 Armour
 + Level 2.7 Dodging
 + Level 1.2 Stealth
 + Level 4.3 Unarmed Combat
 + Level 2.0 Spellcasting
 + Level 2.7 Translocations


You had one spell level left.
You knew the following spells:

 Your Spells              Type           Power        Failure   Level  Hunger
a - Blink                 Tloc           N/A          22%         2    ###....
b - Shroud of Golubria    Chrm/Tloc      #.........   36%         2    ###....
c - Gell's Gravitas       Tloc           #.........   38%         3    ####...


Dungeon Overview and Level Annotations

Branches:
Dungeon (4/15)
 Temple: D:4-7

Altars:
Fedhas


Innate Abilities, Weirdness & Mutations

Your body is rotting away.
You thrive on raw meat.
You are immune to poison.
You have sharp fingernails.
You are carnivorous and can eat meat at any time.
Your flesh is cold resistant. (rC+)
You are immune to negative energy. (rN+++)
You do not regenerate when monsters are visible.
You are immune to unholy pain and torment.
You can survive without breathing.


Message History

You scratch the orc. You claw the orc, but do no damage.
The orc is moderately wounded.
The orc barely misses you. x2; The orc hits you with a club.
You barely miss the orc.
The orc is moderately wounded.
The orc wizard casts a spell at you. The magic dart hits you!
The orc hits you with a short sword.
* * * LOW HITPOINT WARNING * * *
The orc misses you. The orc wizard hits you with a dagger.
* * * LOW HITPOINT WARNING * * *
The orc closely misses you. The orc hits you but does no damage. x2
You barely miss the orc wizard.
You hear the rusting of a very distant drain.
The orc wizard gestures at you while chanting.
You feel as though you will be slow longer.
The orc wizard hits you but does no damage.
The orc hits you with a club.
* * * LOW HITPOINT WARNING * * *
The orc hits you with a short sword.
You die...

##.##.#.# #..........#
##.##.#.###..........#
##.##.#.##...........#
##.##.#.##...........#
##.##................#
##.##................#
...##.............####
...............o..####
...............o@o...#
...####.........o.$#.#
#### #......[.........
#.................
.................
................
....[...#......
........#......


You could see an orc wizard and 3 orcs.

Vanquished Creatures
  A howler monkey (D:3)
  A bullfrog skeleton (D:4)
  2 worker ants (D:4)
  2 adders
  A worm (D:3)
  A dart slug (D:1)
  2 leopard geckos
  7 orcs (D:3)
  7 bats
  4 giant cockroaches
  7 goblins
  5 hobgoblins
  7 kobolds
  A quokka (D:3)
  A ball python (D:2)
  2 frilled lizards
  12 rats
63 creatures vanquished.

Notes
Turn   | Place    | Note
-------+----------+-------------------------------------------
     0 | D:1      | kraftydee the Ghoul Warper began the quest for the Orb.
     0 | D:1      | Reached XP level 1. HP: 17/17 MP: 2/2
    20 | D:1      | Reached skill level 1 in Throwing
    68 | D:1      | Reached XP level 2. HP: 15/24 MP: 3/3
   349 | D:1      | Learned a level 2 spell: Blink
   352 | D:1      | Learned a level 2 spell: Shroud of Golubria
   477 | D:1      | Reached skill level 1 in Armour
   805 | D:2      | Reached XP level 3. HP: 25/30 MP: 5/5
  1006 | D:2      | Found a blossoming altar of Fedhas.
  1407 | D:2      | Reached skill level 3 in Unarmed Combat
  1595 | D:3      | Reached XP level 4. HP: 18/36 MP: 6/6
  2555 | D:3      | Reached XP level 5. HP: 42/42 MP: 7/7
  2569 | D:3      | Learned a level 3 spell: Gell's Gravitas
  2751 | D:4      | Reached skill level 4 in Unarmed Combat
  2877 | D:4      | Reached skill level 1 in Stealth
  2907 | D:4      | Slain by an orc

Skill      XL: |  1  2  3  4  5 |
---------------+----------------+-----
Throwing       | 1 |  1.1
Spellcasting   | 2 |  2.0
Armour         | 1 2 |  2.2
Dodging        | 2 |  2.7
Unarmed Combat | 3 4 |  4.3
Stealth        | 1 |  1.2
Fighting       | |  2.7
Translocations | |  2.7

Action                   |  1- 3 |  4- 6 || total
-------------------------+-------+-------++-------
Melee: Unarmed           |   116 |    94 ||   210
       Punch             |       |     2 ||     2
Throw: Tomahawk          |     3 |       ||     3
  Use: Scroll            |     6 |       ||     6
       Potion            |     4 |       ||     4
  Eat: Chunk             |    17 |     5 ||    22
Armor: Leather armour    |    27 |    22 ||    49
Dodge: Dodged            |    75 |    54 ||   129
